 Dungeon Sprint DCSS version 0.29-a0-409-gd843f3a48c (webtiles) character file.

Game seed: 12679076940118266638

8063 mhtbhm the Peltast (level 11, 0/100 HPs)
             Began as a Formicid Fighter on May 15, 2022.
             Was an Initiate of Gozag.
             Slain by a fire crab (7 damage)
             ... in the Dungeon (Sprint VII: "The Pits").
             The game lasted 00:05:44 (2569 turns).

mhtbhm the Peltast (Formicid Fighter)               Turns: 2569, Time: 00:05:44

Health: 0/100      AC: 20    Str: 25    XL:     11   Next: 48%
Magic:  11/11      EV: 10    Int:  8    God:    Gozag
Gold:   1026       SH:  7    Dex: 10    Spells: 10/10 levels left

rFire   . . .      SeeInvis +   a - +2 trident (vorpal)
rCold   . . .      Faith    .   c - +0 buckler
rNeg    . . .      Spirit   .   b - +4 chain mail
rPois   .          Reflect  .   (helmet unavailable)
rElec   .          Harm     .   (no cloak)
rCorr   .          Rampage  .   l - +0 pair of gloves
Will    +....                   m - +0 pair of boots
Stlth   ..........              (no amulet)
HPRegen 0.26/turn               (no ring)
MPRegen 0.12/turn               (no ring)

@: mighty, brilliant, gold aura
A: permanent stasis, dig shafts and tunnels, antennae 3, four strong arms
a: Dig, Renounce Religion, Potion Petition, Call Merchant, Bribe Branch


You were in the Dungeon.
You worshipped Gozag.
Gozag was most pleased with you.
You visited 1 branch You collected 4185 gold pieces.
You paid 3159 gold pieces to Gozag.

Inventory:

Hand Weapons
 a - a +2 vorpal trident (weapon)
Armour
 b - a +4 chain mail (worn)
 c - a +0 buckler (worn)
 l - a +0 pair of gloves (worn)
 m - a +0 pair of boots (worn)
Jewellery
 j - a +3 ring of intelligence
 k - a +3 ring of dexterity
Scrolls
 i - 5 scrolls of amnesia
Potions
 d - a potion of might
 e - 7 potions of curing
 g - 4 potions of magic
 h - a potion of invisibility


   Skills:
 + Level 14.1 Fighting
 + Level 15.2 Polearms
 + Level 14.2 Armour
 + Level 6.0 Dodging
 + Level 3.5 Stealth
 + Level 15.7 Shields


You had 10 spell levels left.
You didn't know any spells.
Your spell library was empty.

Dungeon Overview and Level Annotations

Branches:
Dungeon (1/1)

Altars:
Ashenzari
Cheibriados
Dithmenos
Elyvilon
Fedhas
Gozag
Hepliaklqana
Kikubaaqudgha
Makhleb
Nemelex Xobeh
Okawaru
Qazlal
Ru
Sif Muna
Trog
Uskayaw
Vehumet
Wu Jian
Xom
Yredelemnul
Zin
The Shining One
Beogh
Jiyva
Lugonu


Innate Abilities, Weirdness & Mutations

You cannot be hasted, slowed, berserked, paralysed or teleported.
You can dig through walls and to a lower floor.
You have a pair of large antennae on your head. (SInv)
Your four strong arms can wield two-handed weapons with a shield.


Message History

The slime creature hits you.
You hit the slime creature.
The slime creature is heavily wounded.
The slime creature hits you!
* * * LOW HITPOINT WARNING * * *
Unknown command.
You puncture the slime creature!
The slime creature is severely wounded.
You puncture the slime creature!
You kill the slime creature!
The manticore is distracted by your dazzling golden aura.
Unknown command.
You barely miss the fire crab.
The hobgoblin is distracted by your dazzling golden aura.
The giant cockroach zombie is distracted by your dazzling golden aura.
You block the fire crab's attack.
The fire crab claws you but does no damage.
The hobgoblin shouts!
You hit the fire crab but do no damage. You closely miss the fire crab.
The fire crab is distracted by your dazzling golden aura.
You impale the fire crab!!
The fire crab is no longer distracted by gold.
The fire crab is heavily wounded.
The fire crab is distracted by your dazzling golden aura.
You puncture the fire crab!
The fire crab is no longer distracted by gold.
The fire crab is almost dead.
The giant cockroach zombie is no longer distracted by gold.
You barely miss the fire crab.
The fire crab is almost dead.
The hobgoblin is no longer distracted by gold.
The hobgoblin is distracted by your dazzling golden aura.
The fire crab bites you.
* * * LOW HITPOINT WARNING * * *
You are engulfed in flames!
* * * LOW HITPOINT WARNING * * *
The fire crab claws you!
You die...
Your body crumbles into a pile of gold.

'###### '############
######
.....'..'...### .....
.....'..'.....## ....
....##..##.....##
J..#
..###....###....#
...#
.##........###.###..#
'#...#..#...#....#Z.#
............'...@tH.+
'#...#..#...#...$#g.#
.##........###.###..#
$ $ ..###....###....#
...# ...
##..##.....## ...# $
.... +..+.....## ....
$ ##...+..+...###
..... ##########
######


You could see a fire crab, a manticore, a giant cockroach zombie and a hobgoblin
(unaware).

Vanquished Creatures
  2 death yaks (D)
  A deep troll (D)
  2 flayed ghosts (D)
  A lindwurm (D)
  An orange demon (D)
  A komodo dragon (D)
  A freezing wraith (D)
  A guardian mummy (D)
  2 tyrant leeches (D)
  A polar bear (D)
  A tarantella (D)
  3 slime creatures (D)
  A snapping turtle (D)
  A jumping spider (D)
  A spriggan (D)
  A wraith (D)
  6 yaks (D)
  A fire bat (D)
  An acid dragon (D)
  A water moccasin (D)
  A floating eye (D)
  An ice beast (D)
  An orc warrior (D)
  A wolf (D)
  3 wights (D)
  A crimson imp (D)
  An iguana (D)
  2 mummies (D)
  An adder (D)
  A gnoll (D)
  A river rat (D)
  A white imp (D)
  An adder zombie (D)
  An endoplasm (D)
  A giant cockroach (D)
  A goblin (D)
  2 hobgoblins (D)
  A quokka (D)
  A ball python skeleton (D)
  A kobold (D)
  A quokka skeleton (D)
55 creatures vanquished.

Notes
Turn   | Place    | Note
-------+----------+-------------------------------------------
     0 | D        | mhtbhm the Formicid Fighter began the quest for the Orb.
     0 | D        | Reached XP level 1. HP: 18/18 MP: 1/1
    24 | D        | Found a bloodstained altar of Trog.
    24 | D        | Found a shimmering blue altar of Sif Muna.
    24 | D        | Found a viscous altar of Jiyva.
    24 | D        | Found a hazy altar of Hepliaklqana.
    24 | D        | Found an opulent altar of Gozag.
    25 | D        | Found a glowing golden altar of the Shining One.
    25 | D        | Found a glowing silver altar of Zin.
    25 | D        | Found a basalt altar of Yredelemnul.
    25 | D        | Found a shimmering altar of Xom.
    25 | D        | Found an ornate altar of the Wu Jian Council.
    25 | D        | Found a sacrificial altar of Ru.
    25 | D        | Found a stormy altar of Qazlal.
    25 | D        | Found an iron altar of Okawaru.
    25 | D        | Found a sparkling altar of Nemelex Xobeh.
    25 | D        | Found a burning altar of Makhleb.
    25 | D        | Found a blossoming altar of Fedhas.
    25 | D        | Found a white marble altar of Elyvilon.
    25 | D        | Found a shadowy altar of Dithmenos.
    25 | D        | Found a snail-covered altar of Cheibriados.
    27 | D        | Found a radiant altar of Vehumet.
    27 | D        | Found a corrupted altar of Lugonu.
    28 | D        | Found a hide-covered altar of Uskayaw.
    28 | D        | Found an ancient bone altar of Kikubaaqudgha.
    28 | D        | Found a broken altar of Ashenzari.
    32 | D        | Became a worshipper of Gozag Ym Sagoz the Greedy
    73 | D        | Noticed a floating eye
    80 | D        | Reached skill level 5 in Shields
    83 | D        | Killed a floating eye
    84 | D        | Reached skill level 5 in Fighting
    84 | D        | Reached XP level 2. HP: 28/28 MP: 2/2
    84 | D        | Reached XP level 3. HP: 34/34 MP: 3/3
    84 | D        | Reached XP level 4. HP: 40/40 MP: 4/4
   196 | D        | Reached XP level 5. HP: 45/46 MP: 5/5
   303 | D        | Noticed a fire bat
   310 | D        | Killed a fire bat
   310 | D        | Noticed a wolf
   311 | D        | Reached skill level 5 in Polearms
   311 | D        | Reached skill level 1 in Dodging
   311 | D        | Reached XP level 6. HP: 42/55 MP: 6/6
   325 | D        | Killed a wolf
   326 | D        | Reached skill level 10 in Shields
   462 | D        | Noticed a water moccasin
   472 | D        | Killed a water moccasin
   473 | D        | Reached XP level 7. HP: 50/62 MP: 7/7
   573 | D        | Noticed a death yak
   588 | D        | HP: 2/62 [death yak (14)]
   592 | D        | Killed a death yak
   593 | D        | Reached XP level 8. HP: 33/71 MP: 8/8
   785 | D        | Reached skill level 10 in Polearms
   787 | D        | Reached skill level 10 in Armour
   794 | D        | Noticed a snapping turtle
   794 | D        | Noticed an orange demon
   803 | D        | Killed an orange demon
   804 | D        | Reached XP level 9. HP: 72/78 MP: 9/9
   838 | D        | Killed a snapping turtle
   839 | D        | Reached skill level 10 in Fighting
  1234 | D        | Noticed a komodo dragon
  1235 | D        | Noticed a freezing wraith
  1240 | D        | Killed a komodo dragon
  1255 | D        | Killed a freezing wraith
  1288 | D        | Noticed a guardian mummy
  1297 | D        | Killed a guardian mummy
  1298 | D        | Reached XP level 10. HP: 77/88 MP: 10/10
  1299 | D        | Noticed a death yak
  1318 | D        | Killed a death yak
  1319 | D        | Reached skill level 5 in Dodging
  1348 | D        | Reached skill level 1 in Stealth
  1896 | D        | Noticed a flayed ghost
  1910 | D        | Killed a flayed ghost
  2020 | D        | Noticed a flayed ghost
  2020 | D        | Noticed a lindwurm
  2021 | D        | Noticed a deep troll
  2047 | D        | Killed a flayed ghost
  2048 | D        | Reached XP level 11. HP: 58/97 MP: 11/11
  2054 | D        | Killed a deep troll
  2055 | D        | Killed a lindwurm
  2056 | D        | Reached skill level 15 in Shields
  2077 | D        | Reached skill level 15 in Polearms
  2531 | D        | Noticed a manticore
  2551 | D        | Noticed a fire crab
  2569 | D        | Slain by a fire crab

Illustrated notes

Levels and vault maps discovered:
D:        pitsprint [storerooms_1, entrance_room_1, metal_vault_4, armoury_1,
          mini_pit_1, grid_room_1, main_hall_1, silver_pit, the_coven_1,
          the_vestibule_1, steel_vault_1, golden_pit, hallway_of_sentries,
          crystal_vault_4, iron_vault_4, final_vault]

Skill      XL: |  1  2  3  4  5  6  7  8  9 10 11 |
---------------+----------------------------------+-----
Shields        | 7 9 10 11 12 13 14 15 | 15.7
Fighting       | 5 6 7 8 9 11 12 14 | 14.1
Polearms       | 3 5 7 9 11 13 14 15 | 15.2
Armour         | 6 7 8 9 10 11 13 14 | 14.2
Dodging        | 1 2 3 4 5 6 |  6.0
Stealth        | 1 3 |  3.5

Action                   |  1- 3 |  4- 6 |  7- 9 | 10-12 || total
-------------------------+-------+-------+-------+-------++-------
Melee: Trident           |    16 |    51 |   125 |   174 ||   366
Invok: Potion Petition   |       |       |     3 |     6 ||     9
  Use: Potion            |       |       |     6 |     8 ||    14
       Scroll            |       |       |     1 |       ||     1
 Stab: Invisible         |       |       |       |     2 ||     2
Armor: Scale mail        |     3 |     5 |       |       ||     8
       Chain mail        |       |    16 |    19 |    74 ||   109
       Skin              |       |       |    11 |       ||    11
Dodge: Dodged            |     7 |    11 |    27 |    59 ||   104
Block: Buckler           |     2 |    21 |    25 |    59 ||   107

Table legend: (Time is in decaauts)
 A = Elapsed time spent in this place.
 B = Non-inter-level travel time spent in this place.
 C = Inter-level travel time spent in this place.
 D = Time resting spent in this place.
 E = Time spent auto-exploring this place.
 F = Levels seen in this place.
 G = Mean time per level.
                   A        B        C        D        E       F      G
               +--------+--------+--------+--------+--------+-----+--------+
         Total |   2488 |   2488 |      0 |   1695 |      0 |   1 | 2488.0 |
       Dungeon |   2488 |   2488 |      0 |   1695 |      0 |   1 | 2488.0 |
               +--------+--------+--------+--------+--------+-----+--------+

Top non-repeatable levels by time:
       D: 2488 daAuts
